 Seeded DCSS version 0.30-a0-304-gdc4b735fe1 (webtiles) character file.

Game seed: 20220831 (custom seed)

316928 muata the Slayer (level 20, -8/208 (211) HPs)
             Began as a Minotaur Berserker on Sept 4, 2022.
             Was a High Priest of Trog.
             Killed from afar by a hell knight (33 damage)
             ... with a bolt of fire
             ... led by Margery
             ... on level 3 of the Vaults on Oct 20, 2022.
             The game lasted 03:09:08 (38383 turns).

muata the Slayer (Minotaur Berserker)              Turns: 38383, Time: 03:09:09

HP:   -8/208 (211)  AC: 38    Str: 33    XL:     20   Next: 88%
MP:   19/19         EV: 15    Int:  4    God:    Trog [*****.]
Gold: 4919          SH: 20    Dex: 15    Spells: 19/19 levels left

rFire   . . .      SeeInvis .    M - +9 demon blade (venom)
rCold   . . .      Faith    .    a - +0 tower shield
rNeg    . . .      Spirit   .    k - +10 plate armour {ponderous}
rPois   .          Reflect  .    (helmet restricted)
rElec   .          Harm     .    o - +1 cloak "Jaopn" {Str+4}
rCorr   .          Rampage  .    j - +0 pair of fencer's gloves {Riposte Dex+3}
Will    +....                    Q - +2 pair of boots
Stlth   ..........               s - amulet of regeneration
HPRegen 1.34/turn                m - +4 ring of slaying
MPRegen 0.16/turn                f - +4 ring of slaying

@: on berserk cooldown, hasted and slowed, studying Staves, lightly drained,
slow
A: horns 2, retaliatory headbutt, talons 1
}: 1/15 runes: serpentine
a: Renounce Religion, Berserk, Trog's Hand, Brothers in Arms


You were on level 3 of the Vaults.
You worshipped Trog.
Trog was extremely pleased with you.
You visited 8 branches of the dungeon, and saw 34 of its levels.
You also visited: Sewer.

You collected 5342 gold pieces.
You spent 423 gold pieces at shops.

Inventory:

Hand Weapons
 t - the +12 pair of quick blades "Gyre" and "Gimble" {protect, Jagged Life}
   (You found it on level 2 of the Dungeon)

   It grants its wielder temporary protection when it strikes (+7 to AC).
 M - a +9 demon blade of venom (weapon)
Missiles
 i - 2 throwing nets
Armour
 a - a +0 tower shield (worn)
 j - the +0 pair of fencer's gloves (worn) {Riposte Dex+3}
   (You acquired it on level 1 of the Orcish Mines)

   It allows the wearer to riposte with melee weapons, swiftly retaliating
   against missed or blocked melee attacks.
   Dex:       It affects your dexterity (+3).
 k - a +10 plate armour of ponderousness (worn)
 o - the +1 cloak "Jaopn" (worn) {Str+4}
   (You bought it in a shop on level 2 of the Orcish Mines)

   Str:       It affects your strength (+4).
 v - the +4 chain mail "Measoce" {rF+ Regen+}
   (You found it on level 12 of the Dungeon)

   rF:        It protects you from fire.
   Regen:     It increases your rate of health regeneration.
 x - the +0 plate armour of Focus {rPois Regen+}
   (You found it on level 3 of the Depths)

   rPois:     It protects you from poison.
   Regen:     It increases your rate of health regeneration.
 Q - a +2 pair of boots (worn)
Jewellery
 f - a +4 ring of slaying (right hand)
 m - a +4 ring of slaying (left hand)
 n - a +6 ring of dexterity
 s - an amulet of regeneration (around neck)
 z - a +4 ring of protection
 G - a +4 ring of protection
 H - a +4 ring of evasion
Wands
 C - a wand of polymorph (5)
 F - a wand of mindburst (9) (quivered)
 K - a wand of flame (63)
 L - a wand of paralysis (21)
Scrolls
 c - a scroll of silence
 e - 9 scrolls of teleportation
 g - 4 scrolls of summoning {unknown}
 r - 5 scrolls of fog
 w - a scroll of acquirement
 y - 3 scrolls of brand weapon
 I - 2 scrolls of identify
 N - 2 scrolls of torment {unknown}
 O - 4 scrolls of magic mapping
 R - 3 scrolls of fear
 S - a scroll of enchant weapon
Potions
 b - 4 potions of magic
 d - 7 potions of might
 h - 4 potions of curing
 l - 3 potions of haste
 p - 3 potions of invisibility
 q - 2 potions of berserk rage
 u - 4 potions of cancellation
 A - 6 potions of flight
 D - 2 potions of lignification {unknown}
 E - a potion of experience {unknown}
 J - 3 potions of ambrosia
 P - 5 potions of heal wounds
 X - 4 potions of resistance
Miscellaneous
 B - a lightning rod (4/4)


   Skills:
 - Level 25.3 Fighting
 - Level 16.0 Short Blades
 - Level 11.0 Throwing
 - Level 21.7 Armour
 - Level 16.3 Dodging
 + Level 18.3 Shields
 - Level 10.3 Evocations


You had 19 spell levels left.
You didn't know any spells.
Your spell library was empty.

Dungeon Overview and Level Annotations

Branches:
Dungeon (15/15)            Temple (0/1) D:5            Lair (5/5) D:9
 Shoals (1/4) Lair:3        Snake (4/4) Lair:2        Slime (0/5) Lair:5
    Orc (2/2) D:10            Elf (1/3) Orc:2        Vaults (3/5) D:13
  Crypt (0/3) Vaults:2     Depths (3/4) D:15          Sewer (visited)

Altars:
Ashenzari
Dithmenos
Elyvilon
Fedhas
Hepliaklqana
Makhleb
Qazlal
Ru
Sif Muna
Trog
Uskayaw
Vehumet
Wu Jian
Xom
Zin
The Shining One
Jiyva

Shops:
D:1 (   D:10 :   D:13 *   Orc:1 (   Orc:2 [!((   Elf:1 *   Snake:2 **
Snake:4 (   Depths:1 =

Portals:
Hell: Depths:1 Depths:2 Depths:3
Abyss: Depths:1 Depths:2
Pandemonium: Depths:1 Depths:2
Trove: D:13 (give 4 scrolls of blinking)

Annotations:
Shoals:1 Mlioglotl
Snake:2 2 transporters, exclusion: orange crystal statue


Innate Abilities, Weirdness & Mutations

You have a pair of horns on your head.
You reflexively headbutt those who attack you in melee.
You have sharp toenails.


Message History

You slice Margery!!
Margery looks as sick as possible!
You headbutt Margery!!
Margery is almost dead.
The necromancer points at you and mumbles some strange words.
The bolt of negative energy hits you but does no damage.
The hell knight hits you from afar with a +5 glaive of draining!
* * * LOW HITPOINT WARNING * * *
You feel drained.
* * * LOW HITPOINT WARNING * * *
You block Margery's attack. You block the hell knight's attack.
You slash Margery!
You kill Margery!
Trog accepts your kill.
Trog appreciates your killing of a magic user.
A freezing mist starts to gather...
Margery the Dragonslayer comes into view.
You block the hell knight's attack.
The necromancer hits you but does no damage.
The hell knight hits you but does no damage.
The hell knight invokes the aid of its god against you.
The bolt of fire hits the hell knight.
The hell knight completely resists.
The bolt of fire misses you.
The hell knight prays to its god.
The hell knight seems to speed up.
The hell knight hits you from afar with a +1 halberd.
* * * LOW HITPOINT WARNING * * *
The hell knight hits you with a +5 great sword of distortion!
* * * LOW HITPOINT WARNING * * *
You blink.
You are too berserk!
Okay, then.
You are too berserk!
You are no longer berserk.
You are exhausted.
You feel yourself slow down.
The hell knight calls down the wrath of its god upon you.
The bolt of fire hits the hell knight.
The hell knight completely resists.
The bolt of fire hits the hell knight.
The hell knight completely resists.
The bolt of fire hits the hell knight.
The hell knight completely resists.
The bolt of fire hits you!!
You die...

##.##..# ##...##.#
#.#..<..#.# #.........#
###########
########################
..............Z.........
.......@...p............
.........pp.pp).).......
...........ppĀ§..).......
########################


You could see 6 hell knights, a necromancer and Margery the human simulacrum.

Vanquished Creatures
  Mara (Depths:1)
  2 juggernauts
  Margery (Vaults:3)
  Xtahua (Depths:3)
  4 caustic shrikes
  A golden dragon (Depths:3)
  2 liches
  A walking earthen tome (Depths:2)
  2 tentacled monstrosities (Depths:3)
  Asterion (Depths:1)
  An entropy weaver (Vaults:2)
  A titan (Depths:3)
  2 sphinxes
  A storm dragon (Depths:2)
  Kirke (D:14)
  An ancient champion (Vaults:2)
  A tengu reaver (Vaults:2)
  6 fire giants
  8 nagarajas (Snake:4)
  A balrug (Depths:1)
  An iron dragon (Depths:2)
  Louise (Depths:2)
  3 vault wardens
  6 frost giants
  5 very ugly things
  2 spriggan defenders (Depths:2)
  3 orc warlords (Orc:1)
  2 cacodemons (Depths:1)
  11 stone giants
  12 ironbound preservers
  A deep elf elementalist (Elf:1)
  An ironbound thunderhulk (Vaults:3)
  A war gargoyle (Vaults:1)
  4 vampire knights
  A deep elf demonologist (Elf:1)
  A dire elephant (Vaults:1)
  Azrael (Orc:2)
  A spark wasp (Depths:2)
  7 ettins
  A merfolk javelineer (Depths:3)
  4 fire dragons
  Josephine (Orc:2)
  A merfolk impaler (Depths:3)
  5 yaktaur captains
  2 rakshasas (Depths:2)
  6 great orbs of eyes
  Fannar (Lair:3)
  9 boulder beetles
  5 hydras
  3 ice dragons
  3 vault guards (D:13)
  10 centaur warriors
  3 hell beasts (Depths:1)
  Erolcha (D:13)
  A peacekeeper (Vaults:1)
  14 anacondas
  5 ironbound frosthearts
  A spriggan air mage (Depths:2)
  A death knight (D:13)
  6 two-headed ogres
  22 naga warriors
  2 dancing weapons (Elf:1)
  21 death yaks
  6 deep troll shamans
  2 vampire magi
  12 shock serpents
  3 orc high priests (Orc:2)
  7 deep troll earth magi
  14 naga sharpshooters
  A spriggan berserker (Depths:2)
  A tengu warrior (D:14)
  A titan skeleton (D:15)
  A sun demon (Depths:1)
  A soul eater (Depths:1)
  6 hell knights
  A shadow wraith (Vaults:2)
  Sonja (Orc:2)
  A deep elf knight (Elf:1)
  A sixfirhy (Depths:1)
  7 salamander mystics
  5 iron trolls
  7 skeletal warriors
  41 deep trolls
  A golden dragon zombie (D:15)
  A sea snake (shapeshifter) (Depths:3)
  A glowing orange brain (Depths:2)
  3 flayed ghosts
  4 lindwurms
  7 sea snakes
  An obsidian statue (Depths:1)
  4 wizards
  5 phantasmal warriors
  5 deep elf archers (Elf:1)
  6 ironbound convokers
  9 orc knights
  9 naga ritualists
  12 deep elf pyromancers (Elf:1)
  4 necromancers
  4 harpies (Vaults:2)
  9 deep elf zephyrmancers (Elf:1)
  6 orc sorcerers
  A manticore (D:12)
  2 fire giant zombies
  3 cyclopes
  12 mana vipers
  A salamander (shapeshifter) (D:14)
  A frost giant zombie (D:15)
  14 ugly things
  6 elephants
  17 salamanders
  7 vault sentinels
  19 naga magi
  A rust devil (Depths:1)
  A gargoyle (D:12)
  3 molten gargoyles (Lair:5)
  4 guardian serpents
  3 smoke demons
  47 black mambas
  A torpor snail (Lair:1)
  A torpor snail (shapeshifter) (Elf:1)
  An orange demon (Depths:1)
  A hellion (Depths:1)
  10 cane toads
  A rime drake (shapeshifter) (D:14)
  5 komodo dragons
  2 freezing wraiths (D:13)
  A tormentor (Depths:2)
  2 hellwings
  5 tengu conjurers
  14 yaktaurs
  9 trolls
  A red devil (Depths:1)
  2 polar bears (Lair:4)
  Grinder (Sewer)
  2 hornets
  A merfolk (Lair:3)
  11 slime creatures
  18 dream sheep
  An elf zombie (Vaults:2)
  An air elemental (Elf:1)
  10 wyverns
  A spriggan (Depths:2)
  A culicivora (shapeshifter) (D:13)
  5 water elementals
  6 wraiths
  A shadow (D:12)
  3 ynoxinuls
  3 fire elementals
  24 yaks
  9 humans (D:13)
  12 basilisks
  3 chaos spawn
  Eustachio (D:6)
  4 hogs (D:14)
  3 vampire mosquitoes (D:12)
  3 steam dragons
  Grum (D:5)
  Menkaure (D:6)
  57 nagas
  8 wargs
  6 hell hounds
  4 acid dragons
  A human simulacrum (Vaults:2)
  14 water moccasins
  27 orc warriors
  3 black bears
  3 ice beasts
  A glowing shapeshifter skeleton (Vaults:2)
  3 boggarts (Vaults:2)
  3 sky beasts
  12 wolves
  8 ogres
  3 centaurs
  3 kobold brigands
  2 phantoms
  9 bullfrogs
  A necrophage (D:6)
  5 gnoll sergeants
  A glowing shapeshifter simulacrum (Vaults:2)
  A scorpion (D:5)
  6 wights
  3 killer bees (D:7)
  4 howler monkeys
  2 electric eels (Lair:1)
  5 lava snakes (Lair:5)
  3 gnoll boudas
  16 orc priests
  15 hounds
  2 iguanas
  Ijyb (D:5)
  31 orc wizards
  35 gnolls
  5 adders
  2 shadow imps
  6 ufetubi
  An adder zombie (Sewer)
  4 worms
  A dart slug (D:2)
  101 orcs
  6 bats
  7 endoplasms
  4 giant cockroaches
  3 goblins
  5 hobgoblins
  8 jackals (D:5)
  27 kobolds
  3 quokkas
  2 ball pythons
  2 kobold zombies (Sewer)
  A rat (D:2)
1251 creatures vanquished.

Vanquished Creatures (collateral kills)
  A fire giant (Depths:1)
  An orc warlord (Vaults:3)
  A very ugly thing (Vaults:2)
  An ironbound thunderhulk (Vaults:2)
  Nessos (D:12)
  A blizzard demon (Depths:1)
  A rakshasa (Depths:1)
  An ironbound frostheart (Vaults:2)
  3 centaur warriors (D:13)
  2 death yaks (Lair:4)
  A soul eater (Depths:1)
  A shock serpent (Snake:3)
  A naga ritualist (Snake:4)
  2 orc knights
  An orc sorcerer (Orc:2)
  A wizard (D:13)
  An ugly thing (Vaults:2)
  A deep elf zephyrmancer (Elf:1)
  A fire giant zombie (Depths:1)
  A manticore (D:11)
  5 elephants (Lair:5)
  A freezing wraith (D:13)
  An orange demon (Depths:1)
  3 trolls
  2 glowing shapeshifter zombies (Depths:1)
  2 nagas
  A tengu skeleton (Depths:1)
  An ettin simulacrum (Depths:1)
  2 orc warriors
  2 centaurs (D:15)
  2 electric eels (Lair:5)
  2 orcs (Orc:1)
48 creatures vanquished.

Vanquished Creatures (others)
  A mana viper (Snake:4)
  An unseen horror (D:13)
  Psyche (D:12)
  An orc wizard (D:12)
  2 orcs (Orc:2)
  A kobold (Sewer)
  A butterfly (Depths:1)
  9 fungi
  13 plants
  4 withered plants (D:15)
34 creatures vanquished.

Grand Total: 1333 creatures vanquished

Notes
Turn   | Place    | Note
-------+----------+-------------------------------------------
     0 | D:1      | muata the Minotaur Berserker began the quest for the Orb.
     0 | D:1      | Reached XP level 1. HP: 19/19 MP: 0/0
   498 | D:1      | Reached skill level 4 in Fighting
   498 | D:1      | Reached XP level 2. HP: 22/27 MP: 1/1
   790 | D:1      | Found Yckuj's Antique Weapon Shop.
  1934 | D:2      | Reached XP level 3. HP: 32/34 MP: 2/2
  2081 | D:2      | Found a blossoming altar of Fedhas.
  2257 | D:2      | Found the +12 pair of quick blades "Gyre" and "Gimble"
                  | {protect}
  3249 | D:4      | Reached XP level 4. HP: 41/41 MP: 3/3
  3283 | D:4      | Reached skill level 5 in Fighting
  3287 | D:4      | Reached ** piety under Trog
  3319 | D:4      | Identified the +3 flail of Valour {flame, *Corrode Str+4
                  | Int+3}
  3358 | D:4      | Reached skill level 5 in Short Blades
  3443 | D:4      | Reached XP level 5. HP: 48/48 MP: 4/4
  3453 | D:4      | Identified the +1 cloak of Valiance {Int+3}
  3632 | D:4      | Identified the +10 short sword "Zofikaoc" {holy, Contam
                  | Str+7}
  3660 | D:5      | Entered Level 5 of the Dungeon
  3662 | D:5      | Noticed an ice beast
  3667 | D:5      | Killed an ice beast
  3668 | D:5      | Reached skill level 6 in Fighting
  3677 | D:5      | Noticed an ogre
  3678 | D:5      | Found a staircase to the Ecumenical Temple.
  3679 | D:5      | Noticed Ijyb
  3680 | D:5      | Killed an ogre
  3681 | D:5      | Reached XP level 6. HP: 58/58 MP: 5/5
  3685 | D:5      | Killed Ijyb
  3776 | D:5      | Reached skill level 7 in Fighting
  3929 | D:5      | Reached XP level 7. HP: 66/66 MP: 6/6
  3998 | D:5      | Reached skill level 8 in Fighting
  4116 | D:5      | Reached *** piety under Trog
  4122 | D:5      | Noticed Grum
  4127 | D:5      | Killed Grum
  4128 | D:5      | Reached XP level 8. HP: 74/77 MP: 7/7
  4148 | D:5      | Reached skill level 9 in Fighting
  4498 | D:5      | Reached skill level 10 in Fighting
  4613 | D:6      | Noticed Eustachio
  4627 | D:6      | Killed Eustachio
  4628 | D:6      | Reached skill level 1 in Throwing
  4650 | D:6      | Noticed Menkaure
  4655 | D:6      | Killed Menkaure
  4656 | D:6      | Reached XP level 9. HP: 86/86 MP: 8/8
  4788 | D:6      | Found a stormy altar of Qazlal.
  4793 | D:6      | Found an ornate altar of the Wu Jian Council.
  4793 | D:6      | Found a shimmering altar of Xom.
  4804 | D:6      | Found a blossoming altar of Fedhas.
  4807 | D:6      | Found a white marble altar of Elyvilon.
  5169 | D:6      | Found a glowing drain.
  5181 | Sewer    | Entered a sewer
  5270 | Sewer    | Found an ancient bone altar of Kikubaaqudgha.
  5280 | Sewer    | Reached **** piety under Trog
  5342 | Sewer    | Reached skill level 5 in Armour
  5361 | Sewer    | Noticed Grinder
  5369 | Sewer    | Killed Grinder
  7115 | D:8      | Reached XP level 10. HP: 94/94 MP: 9/9
  7230 | D:8      | Reached skill level 10 in Armour
  7570 | D:9      | Reached ***** piety under Trog
  7636 | D:9      | Found a sacrificial altar of Ru.
  7650 | D:9      | You fall into a shaft and drop 3 floors!
  7662 | D:12     | Noticed a manticore
  7666 | D:12     | Killed a manticore
  7719 | D:12     | Noticed a two-headed ogre
  7727 | D:12     | Killed a two-headed ogre
  7728 | D:12     | Reached skill level 11 in Fighting
  7743 | D:12     | Noticed a two-headed ogre
  7744 | D:12     | Noticed a gargoyle
  7748 | D:12     | Killed a gargoyle
  7750 | D:12     | Killed a two-headed ogre
  7758 | D:12     | Noticed Psyche
  7769 | D:12     | Killed Psyche
  7770 | D:12     | Reached skill level 12 in Fighting
  7898 | D:12     | Found a burning altar of Makhleb.
  7899 | D:12     | Identified the +4 trident of Sin {elec, rF+ rC+ Str-3
                  | Stlth+}
  8008 | D:10     | Entered Level 10 of the Dungeon
  8009 | D:10     | Found a shadowy altar of Dithmenos.
  8173 | D:10     | Reached XP level 11. HP: 105/105 MP: 10/10
  8241 | D:9      | Found a bloodstained altar of Trog.
  8368 | D:9      | Found a staircase to the Lair.
  8604 | D:9      | Identified the amulet of the Raven {RegenMP rF+ Int+3 Dex+2
                  | Slay+2}
  8828 | D:9      | Identified 3 scrolls of acquirement
  8950 | D:10     | Reached skill level 13 in Fighting
  8954 | D:10     | Reached skill level 5 in Throwing
  8991 | D:10     | Found a staircase to the Orcish Mines.
  9130 | D:10     | Found Manwoxzuut's Book Shop.
  9336 | D:10     | Reached ****** piety under Trog
  9338 | D:10     | Received a gift from Trog
 10350 | D:12     | Identified the +4 chain mail "Measoce" {rF+ Regen+}
 10366 | D:12     | Noticed Nessos
 10372 | D:12     | Killed Nessos
 10373 | D:12     | Reached skill level 14 in Fighting
 10577 | D:13     | Noticed a centaur warrior
 10589 | D:13     | Killed a centaur warrior
 10624 | D:13     | Found Ling's General Store.
 10727 | D:13     | Noticed a phantasmal warrior
 10746 | D:13     | Killed a phantasmal warrior
 10817 | D:13     | Noticed a centaur warrior
 10817 | D:13     | Noticed a six-headed hydra
 10823 | D:13     | Killed a centaur warrior
 10827 | D:13     | Killed a six-headed hydra
 10828 | D:13     | Reached XP level 12. HP: 118/118 MP: 11/11
 10909 | D:13     | Found a portal to a secret trove of treasure.
 10921 | D:13     | Noticed a centaur warrior
 10928 | D:13     | Killed a centaur warrior
 10929 | D:13     | Reached skill level 15 in Fighting
 11000 | D:13     | Noticed a vault guard
 11000 | D:13     | Noticed a vault guard
 11007 | D:13     | Noticed a vault guard
 11012 | D:13     | Killed a vault guard
 11024 | D:13     | Killed a vault guard
 11031 | D:13     | Killed a vault guard
 11049 | D:13     | Found a gate to the Vaults.
 11165 | D:13     | Noticed a death knight
 11180 | D:13     | Killed a death knight
 11304 | D:13     | Noticed Erolcha
 11308 | D:13     | Killed Erolcha
 11321 | D:13     | Reached skill level 16 in Fighting
 11331 | D:13     | Reached skill level 10 in Throwing
 11331 | D:13     | Noticed a centaur warrior
 11331 | D:13     | Noticed a centaur warrior
 11331 | D:13     | Noticed a centaur warrior
 11333 | D:13     | Killed a centaur warrior
 11341 | D:13     | Killed a centaur warrior
 11343 | D:13     | Killed a centaur warrior
 11383 | D:13     | Noticed a centaur warrior
 11396 | D:13     | Killed a centaur warrior
 11399 | D:13     | Noticed a two-headed ogre
 11407 | D:13     | Killed a two-headed ogre
 11890 | D:14     | Noticed Kirke
 12093 | Orc:1    | Entered Level 1 of the Orcish Mines
 12093 | Orc:1    | Found Magetis's Weapon Boutique.
 12119 | Orc:1    | Reached skill level 17 in Fighting
 12124 | Orc:1    | Paralysed by an orc sorcerer for 4 turns
 12130 | Orc:1    | Received a gift from Trog
 12131 | Orc:1    | Reached XP level 13. HP: 132/132 MP: 12/12
 12249 | Orc:1    | Noticed an orc warlord
 12283 | Orc:1    | Killed an orc warlord
 12305 | Orc:1    | Noticed an orc warlord
 12347 | Orc:1    | Killed an orc warlord
 12348 | Orc:1    | HP: 5/132 [orc priest/divine providence[an orc warlord]
                  | (12)]
 12372 | Orc:1    | Noticed an orc warlord
 12392 | Orc:1    | Killed an orc warlord
 12452 | Orc:1    | Reached skill level 15 in Armour
 12767 | Orc:2    | Entered Level 2 of the Orcish Mines
 12767 | Orc:2    | Found a radiant altar of Vehumet.
 12768 | Orc:2    | Noticed Josephine
 12872 | Orc:1    | Acquired a +4 ring of slaying
 12878 | Orc:1    | Acquired a manual of Armour
 12880 | Orc:1    | Acquired the +0 pair of fencer's gloves {Riposte Dex+3}
 12880 | Orc:1    | Found the +0 pair of fencer's gloves {Riposte Dex+3}
 12900 | Orc:2    | Killed Josephine
 12915 | Orc:2    | Noticed Sonja
 12919 | Orc:2    | Killed Sonja
 13122 | Orc:2    | Found a staircase to the Elven Halls.
 13320 | Orc:2    | Found Afiskif's Weapon Shop.
 13320 | Orc:2    | Found Wuce Nue's Antique Weapon Emporium.
 13344 | Orc:2    | Found Ylurghaj's Armour Emporium.
 13344 | Orc:2    | Found Cemeibao's Distillery.
 13373 | Orc:2    | Bought the +1 cloak "Jaopn" {Str+4} for 423 gold pieces
 13439 | Orc:2    | Noticed Azrael
 13450 | Orc:2    | Killed Azrael
 13451 | Orc:2    | Reached XP level 14. HP: 122/140 MP: 13/13
 13640 | Elf:1    | Entered Level 1 of the Elven Halls
 13891 | Elf:1    | Found a shimmering blue altar of Sif Muna.
 14451 | Lair:1   | Entered Level 1 of the Lair of Beasts
 15208 | Lair:2   | Found a staircase to the Snake Pit.
 15268 | Lair:2   | Found a hazy altar of Hepliaklqana.
 15894 | Lair:3   | Received a gift from Trog
 15902 | Lair:3   | Reached skill level 18 in Fighting
 16137 | Lair:3   | Found a staircase to the Shoals.
 16373 | Lair:3   | Noticed Fannar
 16385 | Lair:3   | Killed Fannar
 16732 | Lair:4   | Reached skill level 19 in Fighting
 16938 | Lair:4   | Reached skill level 20 in Fighting
 17122 | Lair:4   | Reached XP level 15. HP: 157/157 MP: 14/14
 17485 | Lair:5   | Entered Level 5 of the Lair of Beasts
 17633 | Lair:5   | Reached skill level 21 in Fighting
 17928 | Lair:5   | Received a gift from Trog
 17978 | Lair:5   | Reached skill level 22 in Fighting
 18022 | Lair:5   | Found a large runed translucent door.
 18022 | Lair:5   | Found a large runed translucent door.
 18277 | Lair:5   | Found a viscous altar of Jiyva.
 18277 | Lair:5   | Found a staircase to the Slime Pits.
 19347 | D:14     | Killed Kirke
 19353 | D:14     | Reached skill level 23 in Fighting
 19679 | D:14     | Found a broken altar of Ashenzari.
 20034 | D:15     | Entered Level 15 of the Dungeon
 20038 | D:15     | Reached skill level 1 in Evocations
 20318 | D:15     | Reached XP level 16. HP: 164/172 MP: 15/15
 20337 | D:15     | Received a gift from Trog
 20344 | D:15     | Found a staircase to the Depths.
 20358 | D:15     | Reached skill level 5 in Evocations
 20400 | D:15     | Identified the +1 ring mail of the End {Dex+4}
 20894 | Snake:1  | Entered Level 1 of the Snake Pit
 22077 | Snake:1  | Upgraded the game from 0.30-a0-50-gb2d611f6b1 to
                  | 0.30-a0-51-g784eafce7f
 22389 | Snake:2  | Found a transporter.
 22409 | Snake:2  | Identified the +11 mace "Ekitya" {flame, *Corrode rN++
                  | Str+8 Int-2}
 22446 | Snake:2  | Reached skill level 10 in Evocations
 22592 | Snake:2  | Found a transporter.
 22788 | Snake:2  | Found Mynkel's Assorted Antiques.
 22801 | Snake:2  | Found Ridueto's General Store.
 22893 | Snake:2  | Reached skill level 5 in Dodging
 23867 | Snake:3  | Found a hide-covered altar of Uskayaw.
 23910 | Snake:3  | Reached XP level 17. HP: 162/180 MP: 16/16
 24458 | Snake:4  | Entered Level 4 of the Snake Pit
 24556 | Snake:4  | Received a gift from Trog
 24722 | Snake:4  | Reached skill level 10 in Dodging
 25495 | Snake:4  | Received a gift from Trog
 25922 | Snake:4  | Found Getizit's Firing Range.
 25952 | Snake:4  | Reached skill level 15 in Dodging
 26367 | Snake:4  | Got a serpentine rune of Zot
 26424 | Snake:4  | Upgraded the game from 0.30-a0-51-g784eafce7f to
                  | 0.30-a0-54-g2e61a25929
 27021 | Elf:1    | Reached XP level 18. HP: 182/189 MP: 17/17
 27201 | Elf:1    | Noticed a Tzitzimitl
 27364 | Elf:1    | Found Cibryrem's Neck Hole.
 29239 | Shoals:1 | Entered Level 1 of the Shoals
 29242 | Shoals:1 | Noticed Mlioglotl
 29633 | Depths:1 | Entered Level 1 of the Depths
 29649 | Depths:1 | Noticed Mara
 29654 | Depths:1 | Noticed muata's illusion
 29675 | Depths:1 | Killed Mara
 29719 | Depths:1 | Received a gift from Trog
 29877 | Depths:1 | Found a one-way gate leading to the halls of Pandemonium.
 29980 | Depths:1 | Found a white marble altar of Elyvilon.
 29992 | Depths:1 | Noticed Asterion
 30013 | Depths:1 | Killed Asterion
 30115 | Depths:1 | Found Motrithu's Jewellery Shop.
 30220 | Depths:1 | Reached skill level 10 in Short Blades
 30320 | Depths:1 | Found a burning altar of Makhleb.
 30325 | Depths:1 | Paralysed by a vampire knight for 5 turns
 30376 | Depths:1 | Found a glowing golden altar of the Shining One.
 30454 | Depths:1 | Found a one-way gate to the infinite horrors of the Abyss.
 30763 | Depths:1 | Gained mutation: You have sharp toenails. [a cacodemon]
 30830 | Depths:1 | Found a gateway to Hell.
 31498 | Depths:2 | Noticed Louise
 31527 | Depths:2 | Killed Louise
 31757 | Depths:2 | Received a gift from Trog
 31774 | Depths:2 | Reached XP level 19. HP: 164/195 MP: 18/18
 31841 | Depths:2 | Noticed a juggernaut
 31857 | Depths:2 | Killed a juggernaut
 31990 | Depths:2 | Reached skill level 15 in Short Blades
 32192 | Depths:2 | Noticed a caustic shrike
 32201 | Depths:2 | Killed a caustic shrike
 32254 | Depths:2 | Noticed a caustic shrike
 32260 | Depths:2 | Killed a caustic shrike
 32299 | Depths:2 | Identified the +8 shortbow of the Everdark {speed, Str+6
                  | SInv}
 32933 | Depths:3 | Paralysed by a sphinx for 3 turns
 32958 | Depths:3 | Found a glowing silver altar of Zin.
 32977 | Depths:3 | Noticed Xtahua
 32981 | Depths:3 | Noticed a golden dragon
 32987 | Depths:3 | Killed Xtahua
 32988 | Depths:3 | Reached skill level 24 in Fighting
 32998 | Depths:3 | Killed a golden dragon
 33191 | Depths:3 | Received a gift from Trog
 33277 | Depths:3 | Identified the +0 plate armour of Focus {rPois Regen+}
 33283 | Depths:3 | Noticed a caustic shrike
 33290 | Depths:3 | Noticed a caustic shrike
 33292 | Depths:3 | Killed a caustic shrike
 33294 | Depths:3 | Noticed a juggernaut
 33316 | Depths:3 | Killed a juggernaut
 33326 | Depths:3 | Reached skill level 25 in Fighting
 33332 | Depths:3 | Killed a caustic shrike
 35098 | Vaults:1 | Entered Level 1 of the Vaults
 35105 | Vaults:1 | Reached skill level 1 in Shields
 35153 | Vaults:1 | Reached skill level 5 in Shields
 35156 | Vaults:1 | Reached XP level 20. HP: 154/211 MP: 19/19
 35352 | Vaults:1 | Reached skill level 10 in Shields
 36188 | Vaults:1 | Identified the +4 great mace "Leviticus" {vorpal, *Slow
                  | rC++ Dex+5 Stlth+}
 36295 | Vaults:1 | Identified the +3 leather armour of Transparent Creativity
                  | {rC+ Regen+ rCorr Str+4}
 36588 | Vaults:2 | Reached skill level 15 in Shields
 36672 | Vaults:2 | Found a staircase to the Crypt.
 36725 | Vaults:2 | Upgraded the game from 0.30-a0-54-g2e61a25929 to
                  | 0.30-a0-304-gdc4b735fe1
 37279 | Vaults:2 | Received a gift from Trog
 37282 | Vaults:2 | Paralysed by a great orb of eyes for 3 turns
 38252 | Vaults:3 | Received a gift from Trog
 38366 | Vaults:3 | Noticed Margery
 38382 | Vaults:3 | Killed Margery
 38383 | Vaults:3 | Killed from afar by a hell knight

Illustrated notes

Levels and vault maps discovered:
D:1:      sevenhm_arrival_forest_fort_small_3, layout_basic, serial_shops,
          nicolae_shop_waterfront
D:2:      layout_loops_corners, basic_altar
D:3:      layout_loops_ring, minmay_misc_feat_roman, minmay_misc_feat_cross,
          chequers_mini_garden
D:4:      layout_basic, serial_park_tiny_1
D:5:      layout_cave_pools, minmay_temple_entry_wispy, serial_gnoll_camp,
          grums_kennel, gnoll_camp_mini_hut, gnoll_camp_mini_loothouse,
          gnoll_camp_mini_doghouse, gnoll_camp_medium_02, gnoll_camp_huts_basic,
          uniq_ijyb
D:6:      layout_basic, minmay_overflow_temple_star_hex, portal_sewer_entry_d,
          uniq_menkaure, uniq_eustachio
D:7:      layout_loops_corners
D:8:      layout_loops_ring
D:9:      layout_roguey, nicolae_ru_great_annihilating_truth,
          mainiacjoe_overflow_chevrons, lair_entry_dummy, fungi_pond_lemuel,
          supply_closet_lemuel, minmay_circle_x
D:10:     layout_loops_ring, mainiacjoe_overflow_cross_hatched,
          hiddenorc2_lemuel, serial_shops, nicolae_shop_waterfront
D:11:     layout_loops_ring
D:12:     layout_rooms, bloody_makhleb, uniq_psyche, uniq_nessos
D:13:     hourglass_vault, layout_basic, ximxim_vaults_locker_room,
          enter_trove_1, serial_shops, shop, uniq_erolcha
D:14:     layout_long_grid, minmay_misc_feat_x, grunt_decor_one_mirror,
          cheibrodos_ashenzari_chains, uniq_kirke
D:15:     gammafunk_depths_entry_grave, layout_cross,
          chequers_serial_rivers_room_b
Lair:1:   layout_hall_layers, chequers_serial_rivers_micro_e,
          grunt_forest_small_clearings, nicolae_lair_lil_pond,
          serial_bayou_shore_a
Lair:2:   layout_chaotic_city, guppyfry_snake_entry_garden, basic_altar
Lair:3:   layout_small_grid, elwin_shoals_entry_rooms,
          chequers_serial_rivers_small_3, grunt_megastairs_5, uniq_fannar
Lair:4:   layout_concentric_octagons, infiniplex_staircase_pool_2,
          grunt_megastairs_2
Lair:5:   cheibrodos_lair_end_hotspot, layout_regular_city, slime_entry_1,
          serial_bayou_lagoon_b
Shoals:1: layout_shoals, nicolae_shoals_circle_sea_wall,
          nicolae_shoals_land_atoll, uniq_mlioglotl
Snake:1:  layout_gridlike, nicolae_snake_gridmaze_zigzag, serial_bayou_pond_b
Snake:2:  gammafunk_sealed_arena, layout_cave_pods, nicolae_snake_coiling_death,
          minmay_shop_star
Snake:3:  layout_grid_maze, basic_altar
Snake:4:  grunt_snake_rune_pools, layout_cave_town, nicolae_shop_firing_range
Orc:1:    layout_diamond_mine, serial_shops, nicolae_shop_bloodbath_and_beyond,
          minmay_orc_treasury
Orc:2:    grunt_orc_tribal_feast, layout_caves, basic_altar, uniq_josephine,
          uniq_sonja, uniq_azrael
Elf:1:    eino_elf_arrival_customs, layout_geoelf_diagonals, basic_altar,
          minmay_elf_demonology, nicolae_shop_sticking_my_neck_out,
          grunt_megastairs_4
Vaults:1: nicolae_vaults_border_crossing, nicolae_vaults_network_barrier,
          v_rooms_2, nicolae_vaults_network_s, v_pattern_4, st_diamondy,
          hangedman_vaults_impose, v_misc_26, vaults_room_octagon,
          nicolae_vaults_asterisk, serial_ice_g,
          ontoclasm_vaults_claustrophobia, layout_vaults_omnibox
Vaults:2: vaults_room_door_hall, vaults_mumra_minichess,
          hangedman_vaults_stretched_pinwheel, v_misc_1, hangedman_vaults_snaps,
          minmay_crypt_entry_simple_sparse, nicolae_vaults_inception_statues,
          ontoclasm_vaults_gallery, ontoclasm_vaults_eye, vaults_dpeg_ring,
          ontoclasm_vaults_shuriken, vaults_dpeg_hooks, hangedman_vaults_slice,
          ontoclasm_vaults_bender, v_alt_pattern_3, layout_vaults_maze
Vaults:3: hangedman_vaults_hat, nicolae_vaults_big_ls, grunt_vaults_swirl,
          vaults_room_semicircle, grunt_vaults_diagonal, vaults_room_semicircle,
          vaults_room_fours, vaults_standard_mumra_x, v_misc_29,
          layout_vaults_omnigrid, uniq_saint_roka, uniq_margery
Depths:1: layout_gridlike, grunt_hell_entry_demonic_statue,
          nicolae_elyvilon_peaceful_grove, abyss_entry, rand_demon_pan_entry_3,
          serial_shops, nicolae_shop_hallway_plus, grunt_ministairs_5,
          minmay_misc_feat_five, minmay_misc_feat_secret_circle,
          nzn_life_drinkers, uniq_asterion, uniq_mara
Depths:2: minmay_the_grid_3x3 [minmay_the_grid_minigrid_large,
          minmay_the_grid_pillar_ring, minmay_the_grid_tiny_cups,
          minmay_the_grid_dragon_a, minmay_the_grid_minigrid_small,
          minmay_the_grid_armoury, minmay_the_grid_rooms, minmay_the_grid_slots,
          minmay_the_grid_prize_shrinking_boxes], layout_gridlike,
          nicolae_abyss_entry_one_way_or_another, rand_demon_pan_entry_9,
          pf_coc_iceberg
Depths:3: minmay_guarded_unrand_guard, layout_cave_pools, mu_enter_wizlab_7,
          abyss_entry_flame_altar, chequers_serial_rivers_room_b, hell_entry,
          hangedman_decor_riveting, chequers_serial_rivers_micro_b, zin_angel,
          infiniplex_staircase_trident, uniq_xtahua

Skill      XL: |  1  2  3  4  5  6  7  8  9 10 11 12 13 14 15 16 17 18 19 20 |
---------------+-------------------------------------------------------------+-----
Fighting       | 4 5 6 7 8 10 12 14 17 20 23 25 | 25.3
Short Blades   | 4 5 6 8 9 13 16 | 16.0
Throwing       | 1 4 8 11 | 11.0
Armour         | 3 9 12 19 20 21 | 21.7
Evocations     | 4 10 | 10.3
Dodging        | 7 15 16 | 16.3
Shields        | 5 18 | 18.3

Action                   |  1- 3 |  4- 6 |  7- 9 | 10-12 | 13-15 | 16-18 | 19-21 || total
-------------------------+-------+-------+-------+-------+-------+-------+-------++-------
Melee: Short sword       |    60 |       |       |       |       |       |       ||    60
       Headbutt          |    20 |     5 |    36 |   101 |   279 |   500 |   351 ||  1292
       Pair of quick bla |    13 |    45 |   197 |   378 |   925 |  1339 |   381 ||  3278
       Unarmed           |       |       |       |     8 |       |       |       ||     8
       Demon blade       |       |       |       |       |       |       |   353 ||   353
Throw: Dart              |       |       |       |    13 |    17 |       |       ||    30
Invok: Berserk           |     1 |     1 |     1 |    10 |    12 |    16 |    12 ||    53
       Brothers in Arms  |       |       |       |     3 |     6 |    10 |     6 ||    25
       Trog's Hand       |       |       |       |     1 |     1 |     6 |     3 ||    11
Evoke: Box of beasts     |       |       |       |     1 |       |       |       ||     1
       Wand              |       |       |       |       |     5 |     3 |     4 ||    12
       Lightning rod     |       |       |       |       |       |       |     4 ||     4
  Use: Scroll            |       |       |       |    19 |    12 |     7 |    15 ||    53
       Potion            |       |       |       |       |     6 |     1 |     7 ||    14
 Stab: Paralysed         |       |       |       |     1 |       |       |       ||     1
       Distracted        |       |       |       |       |       |     1 |       ||     1
Armor: Animal skin       |     7 |       |       |       |       |       |       ||     7
       Scale mail        |     9 |    15 |    57 |    30 |       |       |       ||   111
       Skin              |       |       |       |     7 |       |       |       ||     7
       Plate armour      |       |       |       |    54 |       |    86 |   336 ||   476
       Chain mail        |       |       |       |    80 |   365 |   378 |    69 ||   892
Dodge: Dodged            |    28 |    20 |    75 |   100 |   279 |   514 |   269 ||  1285
Block: Tower shield      |       |       |       |       |       |       |   338 ||   338
       Rpst.: Pair of quick bla |       |       |       |       |    51 |    71 |    22 ||   144
       Demon blade       |       |       |       |       |       |       |   151 ||   151

Table legend: (Time is in decaauts)
 A = Elapsed time spent in this place.
 B = Non-inter-level travel time spent in this place.
 C = Inter-level travel time spent in this place.
 D = Time resting spent in this place.
 E = Time spent auto-exploring this place.
 F = Levels seen in this place.
 G = Mean time per level.
                   A        B        C        D        E       F      G
               +--------+--------+--------+--------+--------+-----+--------+
         Total |  37390 |  30621 |   6769 |   2021 |  20262 |  35 | 1068.3 |
       Dungeon |  14451 |  11793 |   2658 |    172 |   9276 |  15 |  963.4 |
          Lair |   5644 |   4125 |   1519 |     59 |   3212 |   5 | 1128.8 |
        Shoals |      6 |      6 |      0 |      0 |      0 |   1 |    6.0 |
     Snake Pit |   5257 |   4781 |    476 |    616 |   2662 |   4 | 1314.2 |
  Orcish Mines |   1929 |   1392 |    537 |     78 |    761 |   2 |  964.5 |
   Elven Halls |   1552 |   1245 |    307 |     40 |    655 |   1 | 1552.0 |
        Vaults |   3514 |   3514 |      0 |    506 |   2042 |   3 | 1171.3 |
        Depths |   4743 |   3473 |   1270 |    548 |   1509 |   3 | 1581.0 |
         Sewer |    290 |    290 |      0 |      0 |    141 |   1 |  290.0 |
               +--------+--------+--------+--------+--------+-----+--------+

Top non-repeatable levels by time:
Depths:2: 2258 daAuts
Depths:1: 2204 daAuts
    D:13: 1967 daAuts
  Lair:5: 1762 daAuts
 Snake:4: 1634 daAuts
Vaults:1: 1591 daAuts
   Elf:1: 1552 daAuts
Vaults:2: 1551 daAuts
     D:1: 1511 daAuts
 Snake:2: 1319 daAuts
 Snake:1: 1313 daAuts
     D:6: 1216 daAuts
    D:10: 1076 daAuts
  Lair:3: 1040 daAuts
    D:11: 1021 daAuts
